 Dungeon Crawl Stone Soup version 0.30-a0-354-g6b83867211 (webtiles) character file.

Game seed: 15189326342632709699

53 koil the Sneak (level 3, -7/17 HPs)
             Began as a Spriggan Enchanter on Nov 8, 2022.
             Mangled by Terence
             ... wielding a +0 flail of holy wrath
              (10 damage)
             ... on level 2 of the Dungeon.
             The game lasted 00:05:09 (1316 turns).

koil the Sneak (Spriggan Enchanter)                 Turns: 1316, Time: 00:05:09

Health: -7/17      AC:  2    Str:  4    XL:     3   Next: 62%
Magic:  8/8        EV: 17    Int: 18    God:
Gold:   92         SH:  0    Dex: 15    Spells: 6/8 levels left

rFire   + + +      SeeInvis +    a - +1 dagger
rCold   . . .      Faith    .    (no shield)
rNeg    + . .      Spirit   .    b - +0 robe
rPois   .          Reflect  .    (helmet restricted)
rElec   +          Harm     .    (no cloak)
rCorr   .          Rampage  .    (gloves unavailable)
Will    +....                    (boots unavailable)
Stlth   ++........               (no amulet)
HPRegen 0.22/turn                j - ring of Vooxin {rElec rF+++ rN+ Will+ Stlth-}
MPRegen 0.11/turn                (no ring)

@: very quick
A: very small, no large weapons, unfitting armour, see invisible, speed 3
a: no special abilities


You were on level 2 of the Dungeon.
You visited 1 branch of the dungeon, and saw 2 of its levels.

You collected 92 gold pieces.

Inventory:

Hand Weapons
 a - a +1 dagger (weapon)
Armour
 b - a +0 robe (worn)
Jewellery
 j - the ring of Vooxin (left hand) {rElec rF+++ rN+ Will+ Stlth-}
   (You found it on level 2 of the Dungeon)

   [ring of positive energy]

   rF:        It renders you almost immune to fire.
   rElec:     It insulates you from electricity.
   rN:        It protects you from negative energy.
   Will:      It increases your willpower.
   Stlth:     It makes you less stealthy.
Scrolls
 d - a scroll of magic mapping {unknown}
 f - a scroll of amnesia {unknown}
 g - a scroll of silence {unknown}
 h - a scroll of identify {unknown}
 i - a scroll of noise {unknown}
 k - a scroll of fear {unknown}
Potions
 c - 2 potions of invisibility
 e - a potion of curing {unknown}


   Skills:
 + Level 0.8 Fighting
 + Level 1.9 Short Blades
 + Level 3.2 Dodging
 + Level 4.9 Stealth
 + Level 3.2 Spellcasting
 + Level 0.1 Conjurations
 + Level 3.9 Hexes
 + Level 0.5 Transmutations


You had 6 spell levels left.
You knew the following spells:

 Your Spells              Type           Power      Damage    Failure   Level
a - Ensorcelled Hibernat  Hex/Ice        18%        N/A       11%         2

Your spell library contained the following spells:

 Spells                   Type           Power      Damage    Failure   Level
 Confusing Touch          Hex            17%        N/A       10%         3
 Tukima's Dance           Hex            17%        N/A       10%         3
 Dazzling Flash           Conj/Hex       20%        N/A       21%         3


Dungeon Overview and Level Annotations

Branches:
Dungeon (2/15)

Altars:

Shops:
D:1 :=

Annotations:
D:2 Terence


Innate Abilities, Weirdness & Mutations

You are very small and have problems with some larger weapons.
You are too small for most types of armour.
You have supernaturally acute eyesight. (SInv)
You cover ground extremely quickly. (Speed+++)


Message History

Confirm with . or Enter, or press ? or * to list all spells.
Aiming: Ensorcelled Hibernation (safe; 11% risk of failure)
Press: ? - help, Shift-Dir - straight line, f - adder
Aim: an adder (chance to affect: 51%)
The adder resists with significant effort.
The adder closely misses you.
Casting: Ensorcelled Hibernation (safe; 11% risk of failure)
Confirm with . or Enter, or press ? or * to list all spells.
Aiming: Ensorcelled Hibernation (safe; 11% risk of failure)
Press: ? - help, Shift-Dir - straight line, f/p - adder
Aim: an adder (chance to affect: 51%)
The adder looks drowsy...
The helpless adder fails to defend itself.
You impale the adder!!
You kill the adder!
A goblin comes into view. It is wielding a +0 dagger.
Found a spear.
A goblin comes into view. It is wielding a +0 dagger.
The goblin shouts!
Terence the Incautious comes into view.
He is wielding a +0 flail of holy wrath and carrying a wand of roots (8).
Found a stone staircase leading up.
The goblin shouts!
The goblin misses you.
You closely miss the goblin. You hit the goblin.
The goblin is severely wounded.
The goblin closely misses you.
You hit the goblin.
You kill the goblin!
Terence drinks a potion.
Terence goes berserk!
The goblin hits you with a +0 dagger.
You hit Terence but do no damage.
Terence hits you with a +0 flail of holy wrath!
Ouch! That really hurt!
* * * LOW HITPOINT WARNING * * *
The goblin misses you.
Terence rages.
Terence hits you with a +0 flail of holy wrath!
Ouch! That really hurt!
You die...

##.>..†....#...).
####......#.######
#......g......#
#........####.# ##
#.#......### .# †#
#.##.#.....# .# .#
#........#.##.#
.##########....@..####.#
.....# ####..@......#
.###.# ########### .#
#.# .# #.# .# #.#
.###.## .##...# ###.#.#
#...###


You could see Terence (berserk) and a goblin.

Vanquished Creatures
  2 adders (D:2)
  2 dart slugs
  4 ball pythons (D:1)
  2 endoplasms
  2 giant cockroaches
  2 hobgoblins (D:1)
  3 jackals (D:1)
  2 quokkas (D:1)
  2 bats
  3 frilled lizards
  4 goblins
  3 rats (D:1)
31 creatures vanquished.

Notes
Turn   | Place    | Note
-------+----------+-------------------------------------------
     0 | D:1      | koil the Spriggan Enchanter began the quest for the Orb.
     0 | D:1      | Reached XP level 1. HP: 9/9 MP: 5/5
    24 | D:1      | HP: 1/9 [hobgoblin (5)]
   172 | D:1      | Reached XP level 2. HP: 13/13 MP: 6/6
   175 | D:1      | Learned a level 2 spell: Ensorcelled Hibernation
   379 | D:1      | Found Pixzuoqy's Book Shop.
   629 | D:1      | Found Oqatong Sypi's Jewellery Shop.
   842 | D:2      | Reached XP level 3. HP: 17/17 MP: 8/8
   845 | D:2      | Identified the ring of Vooxin {rElec rF+++ rN+ Will+
                  | Stlth-}
  1294 | D:2      | Noticed Terence
  1300 | D:2      | HP: 1/17 [Terence/+0 flail of holy wrath (15)]
  1316 | D:2      | Mangled by Terence

Illustrated notes

Levels and vault maps discovered:
D:1:      spicycebolla_arrival_ecumenical, layout_basic, serial_shops, shop,
          nicolae_shop_advertising_works [nicolae_subvault_shop_adworks]
D:2:      layout_loops_cross, serial_shops, nicolae_shop_statue_plus,
          uniq_terence

Skill      XL: |  1  2 |
---------------+-------+-----
Dodging        | 3 |  3.2
Spellcasting   | 3 |  3.2
Fighting       | |  0.8
Short Blades   | |  1.9
Stealth        | |  4.9
Conjurations   | |  0.1
Hexes          | |  3.9
Transmutations | |  0.5

Action                   || total
-------------------------++-------
Melee: Dagger            ||   143
 Cast: Ensorcelled Hiber ||     6
 Stab: Sleeping          ||    11
Armor: Robe              ||    10
Dodge: Dodged            ||   117

Table legend: (Time is in decaauts)
 A = Elapsed time spent in this place.
 B = Non-inter-level travel time spent in this place.
 C = Inter-level travel time spent in this place.
 D = Time resting spent in this place.
 E = Time spent auto-exploring this place.
 F = Levels seen in this place.
 G = Mean time per level.
                   A        B        C        D        E       F      G
               +--------+--------+--------+--------+--------+-----+--------+
         Total |    894 |    882 |     12 |     33 |    517 |   2 |  447.0 |
       Dungeon |    894 |    882 |     12 |     33 |    517 |   2 |  447.0 |
               +--------+--------+--------+--------+--------+-----+--------+

Top non-repeatable levels by time:
     D:1: 537 daAuts
     D:2: 356 daAuts
